 Dungeon Sprint DCSS version 0.14.1-3-gd16b60d (webtiles) character file.

3400000 BlueCrake the Axe Maniac (level 18, -14/194 HPs)
             Began as a Demonspawn Abyssal Knight on May 19, 2014.
             Was a High Priest of Makhleb.
             Demolished by The Servant
             ... wielding a +9,+9 glaive of flaming
              (138 damage)
             ... in the Dungeon (Sprint VIII: "Arena of Blood").
             The game lasted 00:01:24 (34 turns).

BlueCrake the Axe Maniac (Demonspawn Abyssal Knight)  Turns: 34, Time: 00:01:25

HP -14/194       AC  7     Str 13      XL: 18   Next: 24%
MP   7/32        EV 34     Int 14      God: Makhleb [*****.]
Gold 0           SH  0     Dex 20      Spells:  0 memorised, 17 levels left

rFire  . . .     SeeInvis .     j - +∞ Axe of Woe
rCold  . . .     Clarity  .     b - +0 leather armour
rNeg   . . .     Conserve .     (no shield)
rPois  .         rCorr    .     (no helmet)
rElec  .         rRot     .     (no cloak)
SustAb . .       Spirit   .     (no gloves)
rMut   .         Warding  .     (no boots)
Saprov . . .     NoTele   +     (no amulet)
MR     +....                    (no ring)
                                (no ring)

@: somewhat resistant to hostile enchantments, incredibly stealthy
A: talons 2, rugged brown scales 3, demonic guardian 2, spiny 2
a: Minor Destruction, Lesser Servant of Makhleb, Major Destruction, Greater
Servant of Makhleb, Renounce Religion


You were in the Dungeon.
You worshipped Makhleb.
Makhleb was extremely pleased with you.
You were not hungry.

You visited 1 branch

Inventory:

Hand weapons
 a - a +1,+1 hand axe
 j - the +∞,+∞ Axe of Woe (weapon)
   (You found it in the Dungeon)
Armour
 b - a +0 leather armour (worn)
Comestibles
 c - a bread ration
Scrolls
 i - a scroll of blinking
Potions
 d - a potion of curing
 e - a potion of heal wounds
 f - a potion of haste
 g - 2 potions of magic
 h - a potion of berserk rage


   Skills:
 O Level 27 Fighting
 O Level 27 Axes
 - Level 10.1 Armour
 + Level 25.6 Dodging
 O Level 27 Stealth
 - Level 12.5 Invocations


You had 17 spell levels left.
You didn't know any spells.

Dungeon Overview and Level Annotations

Branches:
Dungeon (1/1)

Altars:
Makhleb

Annotations:
D The Servant


Innate Abilities, Weirdness & Mutations

You have razor-sharp toenails.
You are completely covered in rugged brown scales (AC +3, +7% HP).
A demonic guardian rushes to your aid.
You are mostly covered in sharp spines.


Message History

You hear a shout!
An ogre and a hill giant come into view.
You hit the meat berserker.
You slaughter the meat berserker joyfully.
You kill the meat berserker!
Makhleb accepts your kill.
You feel a little better.
Your Dodging skill gained 2 levels and is now at level 25!
You are engulfed in roaring flames.
The meat berserker is engulfed in roaring flames.
The meat berserker moves out of view.
You hear a shout! x6 2 orcs, a hill giant, a skeletal warrior and Harold come into view.
You hear a shout!
The meat berserker is engulfed in roaring flames.
The meat berserker hits you with a +9,+9 battleaxe!
You hear a shout! x6
The Servant hits you with a +9,+9 glaive of flaming!
Ouch! That really hurt!
You die...

......%.%..#.......#
..........#.......#
.#.................
#.#%#...o.%........
#.#....%.....%...
#.#.§§§)........
.#O#...§§#.......
o.Coo..§O§o.......
#.o....@##.#.....
##..o...@Co.....
O...####....#.. #...
z..o.... # .......
...... #####


You could see The Servant, a sculptor of flesh (wandering), 2 large bags of
meat, 3 meat berserkers and 9 bags of meat.

Vanquished Creatures
  A hill giant (D)
  5 ogres (D)
  13 orcs (D)
  2 vampire knights (D)
21 creatures vanquished.

Vanquished Creatures (others)
  An ice devil (D)
  A sixfirhy (D)
  A crimson imp (D)
3 creatures vanquished.

Grand Total: 24 creatures vanquished

Notes
Turn   | Place    | Note
--------------------------------------------------------------
     0 | D        | BlueCrake, the Demonspawn Abyssal Knight, began the quest for the Orb.
     0 | D        | Reached XP level 1. HP: 18/18 MP: 1/1
     2 | D        | Noticed a bag of meat
     2 | D        | Noticed a bag of meat
     4 | D        | Noticed a bag of meat
     4 | D        | Noticed a bag of meat
     5 | D        | Noticed a bag of meat
     5 | D        | Noticed a meat berserker
     5 | D        | Killed a bag of meat
     5 | D        | Reached skill level 20 in Fighting
     5 | D        | Reached skill level 10 in Axes
     5 | D        | Reached skill level 10 in Armour
     5 | D        | Gained mutation: You are partially covered in sharp spines. [demonic ancestry]
     5 | D        | Reached XP level 2. HP: 20/51 MP: 1/9
     5 | D        | Gained mutation: A weak demonic guardian rushes to your aid. [demonic ancestry]
     5 | D        | Reached XP level 3. HP: 22/58 MP: 1/12
     5 | D        | Reached XP level 4. HP: 24/65 MP: 1/15
     5 | D        | Gained mutation: You are partially covered in rugged brown scales (AC +1, +3% HP). [demonic ancestry]
     5 | D        | Reached XP level 5. HP: 24/74 MP: 1/18
     5 | D        | Gained mutation: You are mostly covered in rugged brown scales (AC +2, +5% HP). [demonic ancestry]
     5 | D        | Reached XP level 6. HP: 24/82 MP: 1/20
     5 | D        | Gained mutation: You have sharp toenails. [demonic ancestry]
     5 | D        | Reached XP level 7. HP: 26/90 MP: 1/21
     5 | D        | Reached XP level 8. HP: 28/97 MP: 1/23
     5 | D        | Gained mutation: You are mostly covered in sharp spines. [demonic ancestry]
     5 | D        | Reached XP level 9. HP: 29/103 MP: 1/24
     5 | D        | Reached XP level 10. HP: 31/112 MP: 1/25
     5 | D        | Reached XP level 11. HP: 32/118 MP: 1/27
     6 | D        | Noticed a bag of meat
     6 | D        | Noticed a bag of meat
     7 | D        | Noticed a bag of meat
     7 | D        | Fell from the grace of Lugonu
     7 | D        | Became a worshipper of Makhleb the Destroyer
     8 | D        | Killed a meat berserker
     8 | D        | Gained mutation: You are completely covered in rugged brown scales (AC +3, +7% HP). [demonic ancestry]
     8 | D        | Reached XP level 12. HP: 33/129 MP: 1/28
     9 | D        | Killed a bag of meat
     9 | D        | Acquired Makhleb's first power
     9 | D        | Reached skill level 21 in Axes
     9 | D        | Reached XP level 13. HP: 14/135 MP: 2/29
     9 | D        | Killed a bag of meat
     9 | D        | Reached skill level 23 in Axes
    10 | D        | Noticed a bag of meat
    11 | D        | Killed a bag of meat
    11 | D        | Reached skill level 25 in Axes
    11 | D        | Gained mutation: A demonic guardian rushes to your aid. [demonic ancestry]
    11 | D        | Reached XP level 14. HP: 76/144 MP: 2/29
    13 | D        | Noticed a bag of meat
    14 | D        | Killed a bag of meat
    14 | D        | Acquired Makhleb's second power
    14 | D        | Reached skill level 27 in Axes
    14 | D        | Killed a bag of meat
    14 | D        | Reached XP level 15. HP: 57/159 MP: 3/30
    14 | D        | Killed a bag of meat
    14 | D        | Reached skill level 5 in Dodging
    15 | D        | Noticed a bag of meat
    16 | D        | Noticed a meat berserker
    17 | D        | Killed a bag of meat
    17 | D        | Acquired Makhleb's third power
    17 | D        | Killed a meat berserker
    17 | D        | Reached skill level 27 in Fighting
    17 | D        | Reached skill level 10 in Dodging
    18 | D        | Noticed a meat berserker
    20 | D        | Killed a bag of meat
    20 | D        | Reached XP level 16. HP: 178/178 MP: 4/31
    21 | D        | Noticed a bag of meat
    22 | D        | Noticed a large bag of meat
    24 | D        | Noticed a meat berserker
    24 | D        | Noticed a destroyer
    26 | D        | Noticed a bag of meat
    26 | D        | Killed a meat berserker
    26 | D        | Acquired Makhleb's fourth power
    26 | D        | Reached skill level 15 in Dodging
    26 | D        | Reached skill level 15 in Stealth
    27 | D        | Noticed a bag of meat
    27 | D        | Noticed a bag of meat
    28 | D        | Noticed a destroyer
    28 | D        | Noticed a bag of meat
    28 | D        | Noticed a meat berserker
    29 | D        | Noticed a meat berserker
    29 | D        | Killed a bag of meat
    29 | D        | Killed a destroyer
    29 | D        | Killed a bag of meat
    29 | D        | Reached XP level 17. HP: 186/186 MP: 6/32
    30 | D        | Noticed a bag of meat
    30 | D        | Noticed a bag of meat
    31 | D        | Noticed a bag of meat
    31 | D        | Noticed a bag of meat
    31 | D        | Noticed a bag of meat
    31 | D        | Killed a meat berserker
    31 | D        | Acquired Makhleb's fifth power
    31 | D        | Killed a destroyer
    31 | D        | Killed a bag of meat
    32 | D        | Noticed a meat berserker
    32 | D        | Killed a large bag of meat
    32 | D        | Reached skill level 27 in Stealth
    32 | D        | Killed a bag of meat
    32 | D        | Gained mutation: You have razor-sharp toenails. [demonic ancestry]
    32 | D        | Reached XP level 18. HP: 194/194 MP: 6/32
    33 | D        | Noticed a meat berserker
    33 | D        | Noticed a large bag of meat
    33 | D        | Killed a meat berserker
    34 | D        | Noticed a bag of meat
    34 | D        | Noticed a large bag of meat
    34 | D        | Noticed a sculptor of flesh
    34 | D        | Noticed a bag of meat
    34 | D        | Noticed The Servant
    34 | D        | Demolished by The Servant

Action                   |  1- 3 |  4- 6 |  7- 9 | 10-12 | 13-15 | 16-18 || total
-------------------------+-------+-------+-------+-------+-------+-------++-------
Melee: Executioner's axe |     1 |       |       |     1 |     2 |     2 ||     6
 Stab: Distracted        |       |       |       |       |     1 |     1 ||     2
